Map: Terrasses de Prion

Players

zidar - Winner!

  • Race: Zerg Zerg
  • League: Gold
  • Spawn Location: 5:00

Arktos

  • Race: Zerg Zerg
  • League: Silver
  • Spawn Location: 11:00

VOD

Have the link to the VOD?

Description

Time

  • Played on: May 22, 2016, 9:59 a.m.
  • Length: 17:37
Show
View Real Time Build Order
Export as new Build Order

zidar Zerg - Winner!

Build Orders: Pool First 

Get SALT Encoding   

  12  0:01  Drone  
  13  0:12  Overlord  
  13  0:17  Drone  
  14  0:30  Drone x2  
  14  0:34  Drone  
  17  0:47  Spawning Pool  
  17  0:49  Drone  
  17  1:13  Hatchery  
  17  1:18  Hatchery  
  16  1:20  Drone  
  16  1:24  Drone  
  16  1:25  Extractor  
  17  1:31  Drone  
  18  1:38  Zergling x2  
  19  1:43  Overlord  
  19  1:56  Zergling x2  
  19  1:57  Queen  
  22  2:50  Queen  
  24  2:55  Roach Warren  
  24  2:57  Metabolic Boost  
  23  3:03  Drone x6  
  29  3:19  Spine Crawler  
  28  3:34  Extractor  
  28  3:37  Zergling x14  
  31  4:45  Roach  
  31  4:46  Roach x2  
  31  4:47  Zergling x2  
  31  4:48  Zergling x2  
  31  4:51  Zergling x2  
  35  4:55  Zergling x2  
  35  4:58  Overlord  
  35  4:59  Overlord x2  
  35  5:16  Lair  
  35  5:20  Roach x4  
  43  5:31  Zergling x2  
  43  5:32  Zergling x2  
  45  5:56  Drone x7  
  52  6:12  Overlord x3  
  52  6:13  Overlord  
  36  6:46  Zergling x20  
  46  6:55  Extractor  
  45  7:04  Spire  
  44  7:41  Zergling x6  
  44  7:42  Zergling x20  
  57  8:18  Mutalisk x3  
  57  8:19  Mutalisk x6  
  74  8:36  Mutalisk  
  74  8:37  Mutalisk  
  78  8:54  Mutalisk  
  80  8:56  Zergling x14  
  80  8:57  Hatchery  
  47  9:45  Zergling x26  
  47  10:25  Zergling x12  
  46  10:39  Zergling x2  
  46  10:40  Zergling x2  
  46  10:46  Zergling x2  
  46  10:47  Zergling x4  
  42  11:16  Zergling x4  
  42  11:17  Zergling x18  
  43  11:47  Evolution Chamber  
  43  11:48  Infestation Pit  
  43  11:51  Mutalisk x9  
  59  11:55  Zergling x6  
  59  11:59  Queen  
  64  12:05  Zergling x8  
  68  12:15  Overlord x2, Evolution Chamber  
  68  12:20  Drone x2  
  69  12:25  Zergling x6  
  69  12:26  Zergling x2  
  69  12:28  Mutalisk  
  75  12:33  Zerg Melee Weapons Level 1  
  75  12:39  Hive  
  75  12:42  Zerg Ground Armor Level 1  
  75  12:45  Drone  
  76  13:04  Drone x2  
  76  13:05  Drone x4  
  81  13:36  Mutalisk x6  
  93  13:54  Greater Spire  
  93  13:56  Corruptor  
  93  13:57  Corruptor  
  98  14:10  Zergling x16  
  105  14:34  Drone  
  105  14:35  Drone x4  
  110  14:43  Extractor  
  109  14:56  Corruptor  
  109  14:57  Corruptor  
  113  15:00  Overlord  
  113  15:01  Overlord x3  
  113  15:22  Hatchery  
  116  15:36  Brood Lord x2  
  116  15:47  Brood Lord  
  118  15:54  Brood Lord  
  120  16:47  Zergling x6  
  120  16:48  Zergling x32  
Show
View Real Time Build Order
Export as new Build Order

Arktos Zerg 

Build Orders: Hatch First 

Get SALT Encoding   

  12  0:02  Drone  
  13  0:13  Overlord  
  13  0:24  Drone  
  14  0:33  Drone x2  
  16  0:37  Drone  
  17  0:58  Hatchery  
  17  1:01  Drone  
  17  1:02  Drone  
  18  1:07  Extractor  
  18  1:09  Drone  
  18  1:25  Spawning Pool  
  17  1:28  Drone  
  18  1:35  Drone  
  18  1:39  Drone  
  20  1:51  Overlord  
  20  2:03  Overlord  
  20  2:11  Queen  
  20  2:15  Roach Warren  
  21  2:16  Drone  
  22  2:24  Queen  
  24  2:38  Overlord  
  24  2:48  Drone x2  
  26  2:54  Drone x3  
  26  2:55  Drone  
  29  3:05  Drone x2  
  31  3:19  Lair  
  31  3:26  Evolution Chamber  
  30  3:27  Extractor  
  30  3:29  Drone x2  
  30  3:30  Drone x2  
  33  3:36  Drone x3  
  36  3:41  Extractor  
  36  3:43  Extractor  
  36  3:48  Roach x2  
  36  3:49  Roach x2  
  36  3:55  Zerg Missile Weapons Level 1  
  42  3:59  Roach x2  
  46  4:04  Queen  
  46  4:18  Roach x3  
  29  4:56  Queen  
  31  5:03  Queen  
  33  5:15  Drone x5  
  33  5:16  Drone  
  39  5:23  Hydralisk Den  
  38  5:38  Roach x4  
  46  5:43  Queen  
  46  5:45  Roach  
  50  5:57  Roach, Spine Crawler  
  51  6:15  Drone  
  52  6:28  Queen  
  44  6:47  Roach x4  
  44  6:48  Roach  
  44  6:51  Overlord x3  
  52  7:06  Zerg Ground Armor Level 1  
  52  7:09  Drone  
  54  7:15  Drone x2  
  54  7:16  Drone  
  56  7:23  Spore Crawler  
  56  7:25  Spore Crawler  
  56  7:27  Spore Crawler  
  56  7:29  Spore Crawler  
  52  7:31  Spore Crawler, Drone x3  
  52  7:32  Drone x3  
  56  7:50  Spore Crawler  
  55  7:52  Spore Crawler  
  55  7:54  Spore Crawler  
  53  8:03  Spore Crawler  
  52  8:06  Muscular Augments  
  52  8:07  Drone  
  52  8:08  Drone x4  
  57  8:15  Drone x4  
  61  8:24  Glial Reconstitution  
  61  8:46  Hydralisk x7  
  61  8:47  Hatchery, Hydralisk  
  76  8:49  Overlord  
  76  8:50  Overlord  
  76  8:59  Hatchery  
  75  9:03  Zerg Missile Weapons Level 2  
  75  9:07  Queen  
  77  9:11  Evolution Chamber  
  47  9:26  Hydralisk  
  47  9:27  Zergling x2, Hydralisk x4  
  47  9:28  Hydralisk x2  
  33  10:00  Hydralisk x5  
  35  10:34  Hydralisk x5  
  45  10:38  Hydralisk  
  43  10:49  Hydralisk  
  42  11:09  Queen  
  44  11:28  Queen  
  44  11:29  Drone x3  
  44  11:30  Drone  
  50  11:40  Queen  
  52  11:59  Drone x5  
  52  12:00  Drone  
  58  12:10  Roach x2  
  62  12:21  Roach x2  
  62  12:22  Roach  
  68  12:34  Roach x3  
  74  12:41  Queen  
  76  12:47  Zerg Ground Armor Level 2  
  76  12:52  Roach  
  76  12:53  Roach  
  80  13:06  Overlord x3  
  80  13:25  Drone x4  
  80  13:26  Drone x5  
  89  13:36  Roach  
  89  13:37  Roach x2  
  95  13:46  Spore Crawler  
  94  13:49  Spine Crawler  
  94  13:52  Spine Crawler  
  94  13:55  Roach  
  94  14:02  Spore Crawler  
  94  14:09  Spore Crawler  
  94  14:10  Roach x2  
  94  14:14  Overlord  
  96  14:17  Extractor  
  96  14:19  Drone  
  96  14:20  Drone  
  97  14:33  Roach x3  
  103  14:40  Overlord  
  103  14:47  Spore Crawler  
  103  14:50  Spore Crawler  
  101  14:57  Roach  
  103  15:16  Hatchery  
  102  15:39  Extractor  
  102  15:42  Roach  
  109  15:43  Roach x4  
  109  15:49  Overlord  
  111  16:08  Roach x4  
  111  16:09  Roach  
  121  16:28  Drone x5  
  121  16:29  Drone x2  
  128  16:35  Overlord  
  128  16:52  Queen  
  128  17:05  Hydralisk x4  
Tags
 
Add a new tag
Caveats
  • Supply blocks, unpowered buildings, or Contaminate may cause inaccurate times.
  • Supply counts are checked every 10 seconds.